 Dungeon Crawl Stone Soup version 0.22.1-6-g1668fe2c40 (webtiles) character file.

10634 NochnoyZador the Grappler (level 11, -2/157 HPs)
             Began as a Troll Monk on Jan 20, 2019.
             Was an Elder of Trog.
             Slain by a nine-headed hydra (11 damage)
             ... on level 10 of the Dungeon.
             The game lasted 00:46:30 (8479 turns).

NochnoyZador the Grappler (Troll Monk)              Turns: 8479, Time: 00:46:31

Health: -2/157     AC: 10    Str: 26    XL:     11   Next: 38%
Magic:  10/10      EV: 13    Int:  6    God:    Trog [****..]
Gold:   187        SH:  0    Dex: 15    Spells: 10/10 levels left

rFire    . . .     SeeInvis .   z - +0 giant spiked club
rCold    . . .     Gourm    +   (shield currently unavailable)
rNeg     . . .     Faith    .   j - +2 animal skin
rPois    .         Spirit   .   H - +0 hat
rElec    .         Reflect  .   (no cloak)
rCorr    .         Harm     .   (gloves unavailable)
MR       ++...                  (boots unavailable)
Stlth    ..........             (no amulet)
HPRegen  1.76/turn              u - +3 ring of protection
MPRegen  0.12/turn              L - ring of flight

@: mighty, berserking, regenerating, hasted, heavily drained, very quick
A: large, unfitting armour, claws 3, fast metabolism 3, gourmand, regeneration
1, shaggy fur 1, tough skin 2
a: Berserk, Trog's Hand, Brothers in Arms, Renounce Religion, Evoke Flight


You were on level 10 of the Dungeon.
You worshipped Trog.
Trog was greatly pleased with you.
You were very full.

You visited 2 branches of the dungeon, and saw 12 of its levels.
You also visited: Ossuary.

You collected 584 gold pieces.
You spent 397 gold pieces at shops.

Inventory:

Hand Weapons
 i - a +4 club
 z - a +0 giant spiked club (weapon)
 R - a +0 hunting sling
Missiles
 c - 284 stones (quivered)
 p - 128 sling bullets
 y - 2 throwing nets
Armour
 a - a +0 robe
 j - a +2 animal skin (worn)
 F - a +0 shield
 H - a +0 hat (worn)
Jewellery
 u - a +3 ring of protection (left claw)
 L - a ring of flight (right claw)
 Q - an uncursed ring of fire
Wands
 n - a wand of flame (64)
 B - a wand of iceblast (5)
 I - a wand of disintegration (7)
Scrolls
 e - 6 scrolls of remove curse
 g - 2 scrolls of fog
 h - 3 scrolls of enchant weapon {unknown}
 l - a scroll of blinking {unknown}
 m - a scroll of fear {unknown}
 q - 6 scrolls of teleportation
 x - 4 scrolls of magic mapping
 A - 4 scrolls of identify
 C - a scroll of silence {unknown}
 D - 3 scrolls of amnesia {unknown}
 K - a scroll of random uselessness {unknown}
 N - a scroll of enchant armour {unknown}
Potions
 d - 3 potions of heal wounds
 f - 2 potions of ambrosia {unknown}
 k - a potion of resistance {unknown}
 o - 3 potions of cancellation
 r - a potion of flight {unknown}
 s - 8 potions of curing
 t - 3 potions of magic
 v - 2 potions of haste
 w - 2 potions of berserk rage
 E - 4 potions of invisibility
 G - a potion of lignification
 J - 2 potions of mutation {unknown}
 P - a potion of brilliance {unknown}
Comestibles
 b - 17 rations


   Skills:
 * Level 5.8(4.6) Fighting
 * Level 4.6(3.4) Maces & Flails
 * Level 7.2(6.0) Dodging
 * Level 4.6(3.4) Stealth
 * Level 4.5(3.3) Shields
 + Level 11.0(9.6) Unarmed Combat


You had 10 spell levels left.
You didn't know any spells.
Your spell library was empty.

Dungeon Overview and Level Annotations

Branches:
Dungeon (11/15)            Temple (1/1) D:7            Lair (0/6) D:8
    Orc (0/2) D:10

Altars:
Ashenzari
Cheibriados
Dithmenos
Elyvilon
Fedhas
Gozag
Hepliaklqana
Kikubaaqudgha
Makhleb
Nemelex Xobeh
Okawaru
Qazlal
Ru
Sif Muna
Trog
Uskayaw
Vehumet
Wu Jian
Xom
Yredelemnul
Zin
The Shining One
Beogh

Shops:
D:8 !   D:9 *


Innate Abilities, Weirdness & Mutations

You are too large for most types of armour.
You have claws for hands.
Your metabolism is lightning-fast.
You like to eat raw meat.
Your natural rate of healing is unusually fast.
You are covered in fur. (AC +1)
You have very tough skin. (AC +2)


Message History

The nine-headed hydra closely misses you.
The nine-headed hydra barely misses you.
The nine-headed hydra misses you.
The nine-headed hydra completely misses you.
You impale the nine-headed hydra!!
The nine-headed hydra is almost dead.
The nine-headed hydra closely misses you.
The nine-headed hydra barely misses you.
The nine-headed hydra bites you!
* * * LOW HITPOINT WARNING * * *
The nine-headed hydra bites you!
* * * LOW HITPOINT WARNING * * *
The nine-headed hydra closely misses you.
The nine-headed hydra bites you.
* * * LOW HITPOINT WARNING * * *
The nine-headed hydra bites you!
* * * LOW HITPOINT WARNING * * *
The nine-headed hydra closely misses you.
The nine-headed hydra bites you!
You die...

######## ###.###
#......# #......
#.####.# ####.#.###
#.####.# #....#.#..
#.##...#####........#
#.##.#..............#
#.##...########....##
#.###..# #.....)
#[..@..### ###.###
#..D.....# #.#
#.###.##.# ##'###
#.#...##.# ##...##
#.#...##.# ##.....#
#.#>[.#..# ##.......
#.##.#...####........
#.##........'........
#...)....####........


You could see a nine-headed hydra.

Vanquished Creatures
  Erolcha (D:10)
  2 two-headed ogres (D:10)
  Sonja (D:11)
  An ugly thing (D:9)
  Joseph (D:10)
  A troll (D:9)
  2 hornets
  4 yaks (D:8)
  A wraith (D:10)
  Sigmund (D:3)
  A hungry ghost (D:10)
  3 porcupines (D:8)
  A water moccasin (D:6)
  6 orc warriors
  2 ice beasts (D:10)
  A sky beast (D:10)
  4 black bears
  An eye of draining (D:9)
  A phantom (D:9)
  2 centaurs
  A necrophage (D:9)
  An ogre (D:5)
  3 big kobolds
  Blork the orc (D:4)
  2 gnoll sergeants
  12 bullfrogs
  2 water moccasin zombies (Ossuary)
  13 killer bees
  A water moccasin skeleton (D:8)
  3 wights (D:10)
  A centaur zombie (D:5)
  7 crimson imps
  4 bullfrog skeletons
  A hound (D:5)
  2 jellies (D:6)
  4 orc wizards
  4 orc priests (D:10)
  Natasha (thrice) (D:2)
  4 iguanas
  7 worker ants
  6 big kobold zombies (Ossuary)
  2 hound skeletons
  2 mummies (Ossuary)
  Robin (D:2)
  A howler monkey zombie (D:7)
  A worker ant zombie (D:5)
  12 gnolls
  8 adders
  2 shadow imps
  6 worms
  3 adder skeletons
  2 adder zombies (Ossuary)
  10 dart slugs
  2 leopard geckos
  29 orcs
  4 bats
  4 giant cockroaches
  15 goblins
  12 hobgoblins
  7 jackals
  24 kobolds
  3 quokkas
  2 ball pythons (D:3)
  5 frilled lizards
  A gnoll zombie (Ossuary)
  11 hobgoblin zombies (Ossuary)
  7 kobold zombies (Ossuary)
  A leopard gecko skeleton (D:6)
  2 orc zombies (Ossuary)
  A quokka zombie (D:9)
  8 rats
307 creatures vanquished.

Vanquished Creatures (others)
  3 fungi (D:8)
  A plant (D:8)
4 creatures vanquished.

Grand Total: 311 creatures vanquished

Notes
Turn   | Place    | Note
-------+----------+-------------------------------------------
     0 | D:1      | NochnoyZador the Troll Monk began the quest for the Orb.
     0 | D:1      | Reached XP level 1. HP: 22/22 MP: 0/0
   206 | D:1      | Reached XP level 2. HP: 24/29 MP: 1/1
   258 | D:1      | You fall through a shaft!
   287 | D:2      | Reached skill level 4 in Unarmed Combat
   348 | D:1      | Reached XP level 3. HP: 35/36 MP: 2/2
   915 | D:2      | Noticed Robin
   928 | D:2      | Killed Robin
   969 | D:2      | Noticed Natasha
   978 | D:2      | Killed Natasha
   978 | D:2      | Reached skill level 5 in Unarmed Combat
   978 | D:2      | Reached XP level 4. HP: 38/44 MP: 3/3
  1139 | D:2      | Noticed Natasha
  1141 | D:2      | Found a white marble altar of Elyvilon.
  1150 | D:2      | Killed Natasha
  1281 | D:2      | Noticed Natasha
  1295 | D:2      | Killed Natasha
  1295 | D:2      | Reached XP level 5. HP: 43/50 MP: 4/4
  1672 | D:3      | Noticed Sigmund
  1692 | D:3      | Killed Sigmund
  1692 | D:3      | Reached skill level 6 in Unarmed Combat
  1692 | D:3      | Reached XP level 6. HP: 16/59 MP: 5/5
  2412 | D:4      | Noticed Blork the orc
  2423 | D:4      | Killed Blork the orc
  2712 | D:5      | Entered Level 5 of the Dungeon
  2727 | D:5      | Reached XP level 7. HP: 59/67 MP: 6/6
  2867 | D:5      | Found a hide-covered altar of Uskayaw.
  2944 | D:5      | Reached skill level 7 in Unarmed Combat
  3115 | D:5      | Found a blossoming altar of Fedhas.
  3115 | D:5      | Found an opulent altar of Gozag.
  3232 | D:6      | Found a bloodstained altar of Trog.
  3258 | D:6      | Reached XP level 8. HP: 59/75 MP: 7/7
  3267 | D:6      | Became a worshipper of Trog the Wrathful
  3267 | D:6      | Reached * piety under Trog
  3267 | D:6      | Reached ** piety under Trog
  3506 | D:6      | Reached skill level 8 in Unarmed Combat
  3947 | D:7      | Found a bloodstained altar of Trog.
  4096 | D:7      | Found a sand-covered staircase.
  4101 | Ossuary  | Entered an ossuary
  4129 | Ossuary  | Reached skill level 1 in Maces & Flails
  4224 | Ossuary  | Reached *** piety under Trog
  4256 | Ossuary  | Reached XP level 9. HP: 71/84 MP: 8/8
  4456 | D:7      | Found an ornate altar of the Wu Jian Council.
  4531 | D:7      | Paralysed by a hornet for 1 turns
  4794 | D:7      | Found a staircase to the Ecumenical Temple.
  5009 | D:7      | Paralysed by fainting for 8 turns
  5047 | Temple   | Entered the Ecumenical Temple
  5242 | D:8      | Reached skill level 9 in Unarmed Combat
  5264 | D:8      | Reached skill level 5 in Dodging
  5288 | D:8      | Found Tistrasche's Distillery.
  5505 | D:8      | Found a staircase to the Lair.
  5522 | D:8      | Reached skill level 1 in Shields
  5740 | D:8      | Reached XP level 10. HP: 93/94 MP: 9/9
  5962 | D:9      | Reached skill level 5 in Fighting
  5972 | D:9      | Noticed a cyan ugly thing
  5987 | D:9      | Killed a cyan ugly thing
  6012 | D:9      | Found a shimmering altar of Xom.
  6012 | D:9      | Found a burning altar of Makhleb.
  6112 | D:9      | Reached skill level 10 in Unarmed Combat
  6310 | D:9      | Found Musuf's General Store.
  6314 | D:9      | Bought a scroll of identify for 26 gold pieces
  6314 | D:9      | Bought a +0 hat for 52 gold pieces
  6600 | D:8      | Bought a potion of lignification for 33 gold pieces
  6600 | D:8      | Bought a potion of berserk rage for 55 gold pieces
  6600 | D:8      | Bought a potion of might for 44 gold pieces
  6600 | D:8      | Bought a potion of degeneration for 11 gold pieces
  6600 | D:8      | Bought a potion of invisibility for 88 gold pieces
  6600 | D:8      | Bought a potion of invisibility for 88 gold pieces
  6661 | D:10     | Entered Level 10 of the Dungeon
  6812 | D:10     | Reached **** piety under Trog
  6969 | D:10     | Found a staircase to the Orcish Mines.
  6974 | D:10     | Found a roughly hewn altar of Beogh.
  7248 | D:10     | Noticed Joseph
  7262 | D:10     | Killed Joseph
  7472 | D:10     | Noticed a two-headed ogre
  7483 | D:10     | Killed a two-headed ogre
  7483 | D:10     | Reached XP level 11. HP: 55/104 MP: 10/10
  7506 | D:10     | Received a gift from Trog
  7538 | D:10     | Noticed a two-headed ogre
  7554 | D:10     | Killed a two-headed ogre
  7735 | D:10     | Noticed Erolcha
  7751 | D:10     | Killed Erolcha
  8167 | D:11     | Noticed Sonja
  8178 | D:11     | Killed Sonja
  8178 | D:11     | Reached skill level 11 in Unarmed Combat
  8250 | D:11     | Noticed an eight-headed hydra
  8279 | D:10     | HP: 5/105 [nine-headed hydra (10)]
  8279 | D:10     | HP: 2/105 [nine-headed hydra (3)]
  8479 | D:10     | Slain by a nine-headed hydra

Skill      XL: |  1  2  3  4  5  6  7  8  9 10 11 |
---------------+----------------------------------+-----
Unarmed Combat | 4 5 6 7 8 9 10 11 | 11.0
Dodging        | 3 4 6 7 |  7.2
Fighting       | 3 4 5 |  5.8
Stealth        | 2 3 4 |  4.6
Maces & Flails | 1 2 4 |  4.6
Shields        | 2 4 |  4.5

Action                   |  1- 3 |  4- 6 |  7- 9 | 10-12 || total
-------------------------+-------+-------+-------+-------++-------
Melee: Unarmed           |   102 |   117 |   373 |   329 ||   921
       Punch             |     3 |     3 |    18 |       ||    24
       Giant spiked club |       |       |       |     5 ||     5
Invok: Trog's Hand       |       |       |     6 |     6 ||    12
       Berserk           |       |       |     3 |     5 ||     8
  Use: Scroll            |       |     2 |     3 |     6 ||    11
       Potion            |       |       |       |     3 ||     3
 Stab: Sleeping          |     5 |     4 |     5 |     9 ||    23
  Eat: Chunk             |    14 |    16 |    27 |    37 ||    94
       Ration            |       |       |     2 |       ||     2
Armor: Robe              |    37 |       |       |       ||    37
       Animal skin       |     1 |    29 |   149 |    78 ||   257
Dodge: Dodged            |    42 |    54 |   235 |   195 ||   526
Block: Shield            |       |       |    45 |   158 ||   203
